 Dungeon Crawl Stone Soup version 0.29.1-1-gd02db6906a (webtiles) character file.

Game seed: 1099562253990715240

914 safid the Skirmisher (level 7, -6/85 HPs)
             Began as a Minotaur Hunter on Oct 14, 2022.
             Was an Initiate of Okawaru.
             Mangled by an iguana (12 damage)
             ... on level 5 of the Dungeon.
             The game lasted 00:06:10 (4703 turns).

safid the Skirmisher (Minotaur Hunter)              Turns: 4703, Time: 00:06:10

Health: -6/85      AC:  5    Str: 15    XL:     7   Next: 82%
Magic:  6/6        EV: 12    Int:  6    God:    Okawaru [......]
Gold:   237        SH:  0    Dex: 16    Spells: 6/6 levels left

rFire   + . .      SeeInvis +   a - +0 shortbow
rCold   . . .      Faith    .   (shield currently unavailable)
rNeg    . . .      Spirit   .   c - +0 leather armour
rPois   .          Reflect  .   (helmet restricted)
rElec   .          Harm     .   q - +0 cloak
rCorr   .          Rampage  .   (no gloves)
Will    .....                   r - +0 pair of boots
Stlth   ..........              (no amulet)
HPRegen 0.24/turn               u - ring of protection from fire
MPRegen 0.10/turn               w - ring of see invisible

@: berserking, very quick
A: horns 2, retaliatory headbutt
a: Renounce Religion


You were on level 5 of the Dungeon.
You worshipped Okawaru.
Okawaru was noncommittal.
You visited 2 branches of the dungeon, and saw 6 of its levels.

You collected 237 gold pieces.

Inventory:

Hand Weapons
 a - a +0 shortbow (weapon)
Missiles
 i - a throwing net
 n - 3 javelins
Armour
 c - a +0 leather armour (worn)
 q - a +0 cloak (worn)
 r - a +0 pair of boots (worn)
Jewellery
 u - a ring of protection from fire (left hand)
 w - a ring of see invisible (right hand)
Wands
 A - a wand of flame (13)
Scrolls
 b - 3 scrolls of immolation
 d - 5 scrolls of identify {unknown}
 g - a scroll of brand weapon {unknown}
 l - 3 scrolls of teleportation {unknown}
 m - a scroll of amnesia {unknown}
 o - a scroll of silence {unknown}
 t - 2 scrolls of fog {unknown}
 v - a scroll of enchant armour {unknown}
 x - a scroll of noise {unknown}
 y - a scroll of enchant weapon {unknown}
Potions
 e - 2 potions of berserk rage
 f - a potion of flight {unknown}
 h - a potion of ambrosia {unknown}
 j - a potion of cancellation {unknown}
 k - a potion of magic {unknown}
 p - a potion of resistance {unknown}
 s - 3 potions of lignification {unknown}
 z - 2 potions of curing {unknown}


   Skills:
 - Level 3.0 Fighting
 + Level 10.6 Ranged Weapons
 - Level 2.1 Dodging
 - Level 0.7 Stealth


You had 6 spell levels left.
You didn't know any spells.
Your spell library contained the following spells:

 Spells                   Type           Power      Damage    Failure   Level
 Slow                     Hex            0%         N/A       52%         1
 Confusing Touch          Hex            0%         N/A       88%         3
 Vampiric Draining        Necr           0%         2d6       88%         3
 Borgnjor's Revivificati  Necr           0%         N/A       100%        8
 Necromutation            Tmut/Necr      0%         N/A       100%        8
 Death's Door             Necr           0%         N/A       100%        9
 Summon Small Mammal      Summ           Unusable   N/A       N/A         1
 Call Canine Familiar     Summ           Unusable   N/A       N/A         3
 Summon Guardian Golem    Hex/Summ       Unusable   N/A       N/A         3

Dungeon Overview and Level Annotations

Branches:
Dungeon (5/15)             Temple (1/1) D:5

Altars:
Ashenzari
Cheibriados
Fedhas
Hepliaklqana
Kikubaaqudgha
Makhleb
Nemelex Xobeh
Okawaru
Qazlal
Ru
Trog
Uskayaw
Wu Jian
Yredelemnul
Zin
The Shining One

Annotations:
D:4 Natasha


Innate Abilities, Weirdness & Mutations

You have a pair of horns on your head.
You reflexively headbutt those who attack you in melee.


Message History

The orc hits you but does no damage.
Fire: a) +0 shortbow
Press: ? - help, Q - select action, (/) - cycle Shift-Dir - straight line, f - orc
Aim: an orc, wielding a +0 mace and wearing a +0 leather armour (66% to hit)
You shoot an arrow. The arrow hits the orc.
The orc is severely wounded.
The orc hits you with a +0 mace.
* * * LOW HITPOINT WARNING * * *
The orc attacks as you move away! The orc hits you with a +0 mace.
* * * LOW HITPOINT WARNING * * *
The orc attacks as you move away! The orc hits you with a +0 mace.
* * * LOW HITPOINT WARNING * * *
The orc attacks as you move away! The orc barely misses you.
The orc attacks as you move away! The orc hits you but does no damage.
The orc attacks as you move away! The orc barely misses you.
The orc attacks as you move away! The orc hits you with a +0 mace.
* * * LOW HITPOINT WARNING * * *
The orc attacks as you move away! The orc misses you. You furiously retaliate!
You headbutt the orc, but do no damage. The orc attacks as you move away!
The orc hits you with a +0 mace.
* * * LOW HITPOINT WARNING * * *
It was a potion of berserk rage.
A red film seems to cover your vision as you go berserk!
You feel yourself moving faster!
You feel mighty! The orc barely misses you.
Unknown command.
Unknown command.
Really attack while wielding your +0 shortbow? [Y]es or [N]o only, please.
Really attack while wielding your +0 shortbow?
You barely miss the orc.
The orc is lightly wounded.
The orc hits you with a +0 mace.
* * * LOW HITPOINT WARNING * * *
You hit the orc!
You kill the orc!
Okawaru accepts your kill.
You clumsily bash the iguana.
The iguana is moderately wounded.
The iguana bites you!
You die...

#...# #.###
#.# #.# #.#
#.# .# #.# .#
######l# ..
#....@.# .#
#.###### .#
#.# .# #.# .#
#.# .# #.#
.### #.#
...#########.#
.............#


You could see an iguana.

Vanquished Creatures
  An ogre (D:5)
  2 phantoms (D:5)
  A necrophage (D:4)
  2 scorpions
  5 orc priests
  A gnoll bouda (D:4)
  An iguana (D:5)
  An orc wizard (D:4)
  Natasha (twice) (D:4)
  5 gnolls
  9 adders
  A dart slug (D:2)
  17 orcs
  9 endoplasms
  2 giant cockroaches (D:2)
  8 goblins
  5 hobgoblins
  4 jackals (D:1)
  A quokka (D:1)
  6 ball pythons
  6 bats
  A frilled lizard (D:2)
  5 kobolds
  7 rats
102 creatures vanquished.

Notes
Turn   | Place    | Note
-------+----------+-------------------------------------------
     0 | D:1      | safid the Minotaur Hunter began the quest for the Orb.
     0 | D:1      | Reached XP level 1. HP: 18/18 MP: 0/0
   140 | D:1      | Reached XP level 2. HP: 25/25 MP: 1/1
   442 | D:1      | Reached skill level 5 in Ranged Weapons
   749 | D:2      | Reached XP level 3. HP: 31/31 MP: 2/2
  1227 | D:2      | Reached XP level 4. HP: 38/38 MP: 3/3
  1314 | D:2      | Reached skill level 6 in Ranged Weapons
  1802 | D:3      | Noticed a scorpion
  1808 | D:3      | Killed a scorpion
  1809 | D:3      | Reached XP level 5. HP: 37/45 MP: 4/4
  2260 | D:3      | Found a sacrificial altar of Ru.
  2288 | D:3      | Reached skill level 7 in Ranged Weapons
  2507 | D:4      | Noticed Natasha
  2515 | D:4      | Killed Natasha
  2564 | D:4      | Reached XP level 6. HP: 51/51 MP: 5/5
  2572 | D:4      | Reached skill level 8 in Ranged Weapons
  2803 | D:4      | Noticed Natasha
  2811 | D:4      | Killed Natasha
  2896 | D:4      | Reached skill level 9 in Ranged Weapons
  3264 | D:4      | Reached XP level 7. HP: 57/57 MP: 6/6
  3294 | D:4      | Noticed Natasha
  3737 | D:5      | Entered Level 5 of the Dungeon
  3783 | D:5      | Found a staircase to the Ecumenical Temple.
  3795 | Temple   | Entered the Ecumenical Temple
  3963 | Temple   | Became a worshipper of Warmaster Okawaru
  4036 | D:5      | Reached skill level 10 in Ranged Weapons
  4619 | D:5      | Found a hide-covered altar of Uskayaw.
  4703 | D:5      | Mangled by an iguana

Illustrated notes

Levels and vault maps discovered:
D:1:      dpeg_arrival_three_smaller_balls, layout_basic
D:2:      layout_loops_corners, nicolae_figureground_sparkle
D:3:      layout_basic, general_overflow_altar, kennysheep_generic_room_9
D:4:      layout_loops_ring, uniq_natasha
D:5:      layout_loops_ring, mainiacjoe_overflow_surrounded_room,
          minmay_temple_entry_arrows
Temple:   eino_narrow_crystal_temple

Skill      XL: |  1  2  3  4  5  6  7 |
---------------+----------------------+-----
Fighting       | 3 |  3.0
Ranged Weapons | 5 6 7 9 10 | 10.6
Dodging        | |  2.1
Stealth        | |  0.7

Action                   |  1- 3 |  4- 6 |  7- 9 || total
-------------------------+-------+-------+-------++-------
Melee: Shortbow          |       |       |     3 ||     3
 Fire: Shortbow          |    73 |   122 |    87 ||   282
  Use: Potion            |       |       |     1 ||     1
Armor: Leather armour    |    13 |    14 |     4 ||    31
Dodge: Dodged            |    19 |    23 |    20 ||    62
